 Dungeon Crawl Stone Soup version 0.28.0-43-g3370ac3207 (webtiles) character file.

Game seed: 12233084064266676262

37 safid the Skirmisher (level 3, -3/33 HPs)
             Began as a Hill Orc Fighter on Mar 13, 2022.
             Succumbed to an adder's poison
             ... on level 2 of the Dungeon.
             The game lasted 00:01:25 (871 turns).

safid the Skirmisher (Hill Orc Fighter)              Turns: 871, Time: 00:01:26

Health: -3/33      AC:  7    Str: 20    XL:     3   Next: 41%
Magic:  3/3        EV:  9    Int:  8    God:
Gold:   67         SH:  4    Dex: 10    Spells: 2/2 levels left

rFire   . . .      SeeInvis .   a - +0 war axe
rCold   . . .      Faith    .   c - +0 buckler
rNeg    . . .      Spirit   .   b - +0 scale mail
rPois   .          Reflect  .   (no helmet)
rElec   .          Harm     .   (no cloak)
rCorr   .          Rampage  .   (no gloves)
Will    .....                   (no boots)
Stlth   ..........              (no amulet)
HPRegen 0.11/turn               (no ring)
MPRegen 0.08/turn               (no ring)

@: lethally poisoned (-3 -> -15)
A: no striking features
a: no special abilities


You were on level 2 of the Dungeon.
You visited 1 branch of the dungeon, and saw 2 of its levels.

You collected 67 gold pieces.

Inventory:

Hand Weapons
 a - a +0 war axe (weapon)
Armour
 b - a +0 scale mail (worn)
 c - a +0 buckler (worn)
Scrolls
 e - a scroll of fog {unknown}
 f - a scroll of teleportation {unknown}
 g - a scroll of summoning {unknown}
Potions
 d - a potion of might


   Skills:
 - Level 4.0 Fighting
 + Level 3.4 Axes
 + Level 3.7 Armour
 + Level 3.7 Shields


You had 2 spell levels left.
You didn't know any spells.
Your spell library was empty.

Dungeon Overview and Level Annotations

Branches:
Dungeon (2/15)

Altars:

Annotations:
D:2 Terence


Message History

The adder bites you but does no damage.
Unknown command.
You closely miss the adder.
The adder is severely wounded.
You feel sick. The adder bites you but does no damage.
Unknown command.
You hit the adder but do no damage.
The adder is severely wounded.
You feel sick. The adder barely misses you. x2
Unknown command.
You closely miss the adder.
The adder is severely wounded.
You feel sick. The adder bites you but does no damage. The adder bites you.
You are more poisoned.
The adder poisons you!
Unknown command.
You closely miss the adder.
The adder is severely wounded.
You feel very sick.
The adder bites you but does no damage. x2
Unknown command.
You barely miss the adder.
The adder is severely wounded.
You feel sick. The adder bites you.
* * * LOW HITPOINT WARNING * * *
You are lethally poisoned!
The adder poisons you! The adder bites you but does no damage.
Unknown command.
You barely miss the adder.
The adder is severely wounded.
* * * LOW HITPOINT WARNING * * *
You feel sick. The adder bites you.
* * * LOW HITPOINT WARNING * * *
You are more poisoned.
The adder poisons you!
Terence asks, "Do you want it fast or slow?"
Okay, then.
You closely miss the adder.
The adder is severely wounded.
You die...

#####.<##
....... ..#..#
#...#####
#........ #<#
#.# #.# #@#
#.#####S#
#.....B@#
###......#
...........
#........>...
#......$####.#
#.......# #
.......##


You could see Terence, an adder and a giant cockroach.

Vanquished Creatures
  4 ball pythons (D:1)
  4 endoplasms
  2 giant cockroaches
  5 goblins
  2 hobgoblins (D:1)
  2 jackals (D:1)
  5 bats (D:1)
  2 frilled lizards (D:1)
  5 kobolds (D:1)
  5 rats
36 creatures vanquished.

Notes
Turn   | Place    | Note
-------+----------+-------------------------------------------
     0 | D:1      | safid the Hill Orc Fighter began the quest for the Orb.
     0 | D:1      | Reached XP level 1. HP: 19/19 MP: 1/1
    63 | D:1      | Reached XP level 2. HP: 21/27 MP: 2/2
   385 | D:1      | Reached skill level 4 in Fighting
   391 | D:1      | Reached XP level 3. HP: 23/33 MP: 3/3
   850 | D:2      | Noticed Terence
   870 | D:2      | HP: 1/33 [adder (4)]
   871 | D:2      | Succumbed to an adder's poison

Illustrated notes

Levels and vault maps discovered:
D:1:      dpeg_arrival_subterranean_lakeside_camping, layout_basic
D:2:      layout_rooms, basic_altar,
          hellmonk_ecumenical_altar_pennies_from_heaven, minmay_crystal_water,
          uniq_jessica, uniq_crazy_yiuf_cottage, uniq_terence

Skill      XL: |  1  2 |
---------------+-------+-----
Axes           | 3 |  3.4
Fighting       | 4 |  4.0
Armour         | |  3.7
Shields        | |  3.7

Action                   || total
-------------------------++-------
Melee: War axe           ||    97
Armor: Scale mail        ||    59
Dodge: Dodged            ||    59
Block: Buckler           ||    19
